 Dungeon Crawl Stone Soup version 0.30-a0-949-g53dc5368d7 (webtiles) character file.

Game seed: 5816560714249075193

42 workacc the Trooper (level 3, -1/49 HPs)
             Began as a Draconian Berserker on Mar 28, 2023.
             Was a Follower of Trog.
             Succumbed to Terence's poison
             ... on level 2 of the Dungeon.
             The game lasted 00:01:53 (843 turns).

workacc the Trooper (Draconian Berserker)            Turns: 843, Time: 00:01:53

Health: -1/49      AC:  6    Str: 21    XL:     3   Next: 35%
Magic:  3/3        EV: 12    Int:  7    God:    Trog [*.....]
Gold:   103        SH:  0    Dex: 10    Spells: 2/2 levels left

rFire   . . .      SeeInvis .    a - +0 hand axe
rCold   . . .      Faith    .    (no shield)
rNeg    . . .      Spirit   .    (body armour unavailable)
rPois   .          Reflect  .    (helmet restricted)
rElec   .          Rampage  .    f - scarf {shadows}
rCorr   .                        (no gloves)
Will    .....                    c - +0 pair of boots Stlth
                                 d - amulet of regeneration
HPRegen 1.08/turn                (no ring)
MPRegen 0.08/turn                (no ring)

@: berserking, lethally poisoned (-1 -> -22), very quick
A: AC +5, unfitting armour, cold-blooded
a: Renounce Religion, Berserk


You were on level 2 of the Dungeon.
You worshipped Trog.
Trog was aware of your devotion.
You visited 1 branch of the dungeon, and saw 2 of its levels.

You collected 103 gold pieces.

Inventory:

Hand Weapons
 a - a +0 hand axe (weapon)
Armour
 c - a +0 pair of boots (worn)
 f - a scarf of shadows (worn)
Jewellery
 d - an amulet of regeneration (around neck)
 h - an amulet of guardian spirit
Scrolls
 b - 8 scrolls of identify {unknown}
 e - a scroll of magic mapping {unknown}
 i - a scroll of fear {unknown}
 j - a scroll of immolation {unknown}
 l - 2 scrolls of teleportation {unknown}
Potions
 g - a potion of heal wounds {unknown}
 k - 4 potions of curing {unknown}
 m - 2 potions of lignification {unknown}


   Skills:
 + Level 3.9 Fighting
 + Level 3.5 Axes
 + Level 3.2 Dodging


You had 2 spell levels left.
You didn't know any spells.
Your spell library was empty.

Dungeon Overview and Level Annotations

Branches:
Dungeon (2/15)

Altars:

Annotations:
D:2 Terence


Innate Abilities, Weirdness & Mutations

Your plain brown scales are hard. (AC +5)
You cannot fit into any form of body armour.
You are cold-blooded and may be slowed by cold attacks.


Message History

You barely miss Terence.
You feel sick.
Terence shouts, "Get ready for death!"
Terence hits you with a +1 mace of venom.
You are more poisoned.
You hit Terence but do no damage.
You feel very sick. Terence barely misses you.
You hit Terence.
Terence is lightly wounded.
You feel very sick. Terence closely misses you.
Terence attacks as you move away!
Terence hits you with a +1 mace of venom.
You feel very sick.
You feel sick.
You feel sick.
You feel sick.
You hit Terence but do no damage. You punch Terence, but do no damage.
You feel sick. Terence hits you but does no damage.
You hit Terence.
Terence is lightly wounded.
You feel sick. Terence hits you but does no damage.
You hit Terence.
Terence is moderately wounded.
You feel sick.
Terence hits you with a +1 mace of venom.
You are more poisoned.
Terence hits you with a +1 mace of venom.
* * * LOW HITPOINT WARNING * * *
You are lethally poisoned!
A red film seems to cover your vision as you go berserk!
You feel yourself moving faster!
You feel mighty!
* * * LOW HITPOINT WARNING * * *
You feel very sick.
Terence hits you with a +1 mace of venom.
* * * LOW HITPOINT WARNING * * *
You are more poisoned.
You hit Terence.
Your tail-slap misses Terence.
Terence is moderately wounded.
You die...

#######)..........
#.........##..
###....#....##..
#.......###.....
######.......# #.....
#............# #.....
##)..........## #.....
#............####.....
#####....@..........#.....
#.......@.................
#.........##..............
#......#####..............
#......# ######.........
#......# #.........
#...#### ##........ #...
#........ #.. #.....(..


You could see Terence.

Vanquished Creatures
  A worm (D:2)
  A dart slug (D:1)
  3 endoplasms
  A giant cockroach (D:1)
  5 goblins
  4 hobgoblins
  3 jackals (D:1)
  A kobold (D:1)
  5 quokkas (D:1)
  2 ball pythons (D:1)
  3 bats (D:1)
  A rat (D:2)
30 creatures vanquished.

Notes
Turn   | Place    | Note
-------+----------+-------------------------------------------
     0 | D:1      | workacc the Draconian Berserker began the quest for the
                  | Orb.
     0 | D:1      | Reached XP level 1. HP: 19/19 MP: 1/1
    52 | D:1      | Reached XP level 2. HP: 26/26 MP: 2/2
   460 | D:1      | Reached XP level 3. HP: 32/33 MP: 3/3
   829 | D:2      | Noticed Terence
   843 | D:2      | Succumbed to Terence's poison

Illustrated notes

Levels and vault maps discovered:
D:1:      lightli_iron_boxes, layout_rooms, minmay_hexomino_f4
D:2:      layout_basic, uniq_terence

Skill      XL: |  1  2 |
---------------+-------+-----
Dodging        | 3 |  3.2
Fighting       | |  3.9
Axes           | |  3.5

Action                     || total
---------------------------++-------
  Melee: Hand axe          ||   106
         Tailslap          ||     5
         Punch             ||     1
 Invoke: Berserk           ||     1
 Armour: Skin              ||    59
  Dodge: Dodged            ||    80

Table legend: (Time is in decaauts)
 A = Elapsed time spent in this place.
 B = Non-inter-level travel time spent in this place.
 C = Inter-level travel time spent in this place.
 D = Time resting spent in this place.
 E = Time spent auto-exploring this place.
 F = Levels seen in this place.
 G = Mean time per level.
                   A        B        C        D        E       F      G
               +--------+--------+--------+--------+--------+-----+--------+
         Total |    859 |    855 |      4 |      0 |    581 |   2 |  429.5 |
       Dungeon |    859 |    855 |      4 |      0 |    581 |   2 |  429.5 |
               +--------+--------+--------+--------+--------+-----+--------+

Top non-repeatable levels by time:
     D:1: 613 daAuts
     D:2: 246 daAuts
